General information
- name: BNet
- type: Ladder team game (AT/RT)
- host: Battle.net
- saver: JesusIsMyWigman
map: SunrockCove
- players: 6
- length: 145:56
- speed: Fast
- version: 1.26 W3XP
- replay type: Public
» download(769 KB)
Players
team 1 (winner)
JesusIsMyWigman (
green | 72 APM | 10515 actions | 145:56)
10 Blademaster
3 Wind Walk
3 Critical Strike
1 Bladestorm
3 Mirror Image
2 Archmage
1 Brilliance Aura
1 Blizzard
1 Paladin
1 Divine Shield
1 Mountain King
1 Bash
» actions
| Assign group hotkey | 676 | |
| Basic commands | 38 | |
| Build / train | 102 | |
| Enter build submenu | 45 | |
| Enter hero's abilities submenu | 14 | |
| Give item / drop item | 8 | |
| Remove unit from queue | 4 | |
| Right click | 7220 | |
| Select / deselect | 904 | |
| Select group hotkey | 872 | |
| Use ability | 631 | |
10515 total
» units
| Peon | 26 | |
| Wind Rider | 1 | |
| Troll Batrider | 7 | |
| Goblin Zeppelin | 1 | |
| Kodo Beast | 3 | |
38 total
» upgrades
| Envenomed Spears | 1 | |
| Liquid Fire | 1 | |
| Spiked Barricades | 4 | |
| Ranged Weapons | 3 | |
| Melee Weapons | 3 | |
| Armor | 3 | |
| Reinforced Defenses | 1 | |
| War Drums Damage Increase | 1 | |
17 total
» buildings
| Altar of Storms | 4 | |
| Orc Burrow | 10 | |
| War Mill | 2 | |
| Watch Tower | 21 | |
| Stronghold | 2 | |
| Voodoo Lounge | 1 | |
| Fortress | 2 | |
| Beastiary | 3 | |
| Great Hall | 1 | |
46 total
» build order
00:05 Altar of Storms
00:24 Orc Burrow
00:38 War Mill
01:52 Watch Tower
02:12 Watch Tower
02:36 Watch Tower
03:11 Watch Tower
03:57 Stronghold
04:00 Watch Tower
04:21 Voodoo Lounge
04:26 Watch Tower
05:06 Watch Tower
06:47 Fortress
06:50 Beastiary
06:53 Beastiary
07:37 Orc Burrow
07:40 Watch Tower
08:10 Orc Burrow
11:53 Orc Burrow
11:55 Watch Tower
11:56 Watch Tower
12:28 Watch Tower
12:29 Watch Tower
12:30 Watch Tower
12:30 Watch Tower
13:34 Watch Tower
14:09 Watch Tower
14:10 Watch Tower
14:27 Watch Tower
14:57 Watch Tower
14:57 Watch Tower
17:01 Altar of Storms
17:04 Orc Burrow
17:17 Watch Tower
18:48 Orc Burrow
26:53 War Mill
28:54 Altar of Storms
28:59 Orc Burrow
29:11 Altar of Storms
32:20 Great Hall
54:51 Stronghold
61:13 Fortress
64:44 Orc Burrow
64:47 Orc Burrow
64:53 Orc Burrow
65:54 Beastiary
» items
| Healing Salve | 3 | |
| Lesser Clarity Potion | 2 | |
| Orb of Lightning | 1 | |
| Boots of Speed | 3 | |
| Staff of Teleportation | 5 | |
| Scroll of Regeneration | 3 | |
| Staff of Sanctuary | 2 | |
| Circlet of Nobility | 2 | |
| Periapt of Vitality | 1 | |
22 total
Mata. (
orange | 54 APM | 7857 actions | 145:55)
4 Archmage
2 Summon Water Elemental
1 Brilliance Aura
1 Blizzard
3 Mountain King
2 Storm Bolt
1 Bash
3 Paladin
2 Holy Light
1 Divine Shield
» actions
| Assign group hotkey | 81 | |
| Basic commands | 61 | |
| Build / train | 478 | |
| ESC pressed | 13 | |
| Enter build submenu | 345 | |
| Enter hero's abilities submenu | 12 | |
| Remove unit from queue | 1 | |
| Right click | 3119 | |
| Select / deselect | 2400 | |
| Select group hotkey | 392 | |
| Use ability | 942 | |
7857 total
» units
| Peasant | 52 | |
| Goblin Shredder | 1 | |
| Goblin Zeppelin | 1 | |
| Priest | 2 | |
| Mortar Team | 8 | |
| Dragonhawk Rider | 3 | |
67 total
» upgrades
| Masonry | 3 | |
| Lumber Harvesting | 1 | |
| Magic Sentry | 1 | |
| Priest Training | 2 | |
| Cloud | 1 | |
8 total
» buildings
| Altar of Kings | 2 | |
| Farm | 19 | |
| Scout Tower | 377 | |
| Arcane Tower | 19 | |
| Lumber Mill | 2 | |
| Guard Tower | 345 | |
| Keep | 2 | |
| Town Hall | 4 | |
| Castle | 2 | |
| Arcane Vault | 3 | |
| Arcane Sanctum | 2 | |
| Gryphon Aviary | 1 | |
| Blacksmith | 1 | |
| Workshop | 2 | |
781 total
» build order
00:11 Altar of Kings
00:19 Farm
00:55 Scout Tower
01:24 Arcane Tower
01:25 Scout Tower
01:33 Farm
01:58 Lumber Mill
02:07 Scout Tower
02:13 Scout Tower
02:21 Arcane Tower
02:22 Arcane Tower
03:23 Scout Tower
03:51 Guard Tower
03:52 Guard Tower
04:14 Arcane Tower
04:14 Arcane Tower
04:16 Scout Tower
04:18 Scout Tower
04:25 Scout Tower
04:26 Scout Tower
04:26 Scout Tower
04:42 Guard Tower
04:46 Scout Tower
04:50 Scout Tower
04:51 Guard Tower
04:51 Guard Tower
04:56 Scout Tower
04:59 Scout Tower
05:00 Scout Tower
05:03 Guard Tower
05:04 Guard Tower
05:04 Scout Tower
05:07 Guard Tower
05:07 Guard Tower
05:08 Guard Tower
05:09 Scout Tower
05:10 Scout Tower
05:15 Guard Tower
05:15 Guard Tower
05:21 Farm
05:25 Guard Tower
05:26 Guard Tower
05:28 Scout Tower
05:36 Guard Tower
05:36 Guard Tower
05:39 Scout Tower
05:41 Scout Tower
05:53 Guard Tower
05:54 Guard Tower
05:54 Guard Tower
05:59 Guard Tower
06:00 Guard Tower
06:00 Guard Tower
06:08 Scout Tower
06:11 Scout Tower
06:37 Guard Tower
06:37 Guard Tower
06:38 Guard Tower
06:38 Guard Tower
06:47 Scout Tower
06:48 Scout Tower
06:49 Scout Tower
07:17 Guard Tower
07:54 Guard Tower
07:54 Guard Tower
07:56 Scout Tower
07:57 Scout Tower
08:16 Scout Tower
08:17 Scout Tower
08:30 Scout Tower
08:46 Guard Tower
08:46 Guard Tower
08:51 Guard Tower
08:51 Guard Tower
08:59 Guard Tower
09:00 Scout Tower
09:16 Guard Tower
09:29 Guard Tower
09:55 Keep
10:16 Scout Tower
10:16 Scout Tower
10:41 Scout Tower
10:42 Scout Tower
10:46 Guard Tower
10:47 Town Hall
10:48 Guard Tower
10:48 Guard Tower
11:00 Scout Tower
11:00 Scout Tower
11:02 Scout Tower
12:17 Guard Tower
12:17 Guard Tower
12:20 Castle
13:01 Guard Tower
13:01 Guard Tower
13:03 Scout Tower
13:03 Scout Tower
13:04 Scout Tower
13:29 Farm
13:32 Farm
13:49 Scout Tower
13:50 Scout Tower
13:50 Scout Tower
14:07 Scout Tower
14:08 Scout Tower
14:09 Scout Tower
14:10 Scout Tower
14:11 Scout Tower
14:29 Guard Tower
14:29 Guard Tower
14:30 Scout Tower
14:30 Scout Tower
14:32 Scout Tower
14:32 Scout Tower
14:51 Farm
14:52 Farm
14:58 Arcane Vault
15:12 Guard Tower
15:13 Guard Tower
15:15 Scout Tower
15:15 Scout Tower
16:24 Guard Tower
16:25 Guard Tower
17:03 Guard Tower
17:16 Scout Tower
17:16 Scout Tower
17:32 Town Hall
17:41 Scout Tower
17:42 Scout Tower
17:42 Scout Tower
17:52 Scout Tower
17:53 Scout Tower
18:13 Guard Tower
18:13 Guard Tower
18:14 Scout Tower
18:14 Scout Tower
18:15 Scout Tower
18:30 Guard Tower
18:31 Scout Tower
18:32 Scout Tower
18:32 Scout Tower
18:39 Guard Tower
18:39 Guard Tower
18:47 Guard Tower
18:47 Guard Tower
18:48 Scout Tower
18:54 Scout Tower
18:54 Scout Tower
18:56 Scout Tower
19:01 Guard Tower
19:01 Guard Tower
19:04 Scout Tower
19:06 Scout Tower
19:09 Guard Tower
19:09 Guard Tower
19:15 Scout Tower
19:15 Scout Tower
19:24 Guard Tower
19:31 Scout Tower
19:32 Scout Tower
19:32 Guard Tower
19:33 Guard Tower
19:33 Scout Tower
19:40 Guard Tower
19:40 Guard Tower
19:40 Guard Tower
19:41 Scout Tower
19:42 Scout Tower
19:43 Scout Tower
19:58 Guard Tower
19:59 Guard Tower
19:59 Guard Tower
19:59 Guard Tower
20:01 Scout Tower
20:02 Scout Tower
20:02 Guard Tower
20:03 Guard Tower
20:16 Scout Tower
20:18 Guard Tower
20:18 Guard Tower
20:20 Scout Tower
20:23 Scout Tower
20:33 Guard Tower
20:33 Guard Tower
20:34 Guard Tower
20:48 Scout Tower
20:48 Scout Tower
20:56 Scout Tower
20:56 Scout Tower
20:57 Scout Tower
20:57 Scout Tower
21:03 Scout Tower
21:04 Scout Tower
21:16 Guard Tower
21:16 Guard Tower
21:17 Guard Tower
21:17 Scout Tower
21:18 Scout Tower
21:32 Guard Tower
21:35 Scout Tower
21:36 Scout Tower
21:39 Scout Tower
21:41 Guard Tower
21:41 Guard Tower
21:41 Guard Tower
21:45 Scout Tower
21:45 Scout Tower
21:46 Guard Tower
22:07 Scout Tower
22:08 Scout Tower
22:09 Scout Tower
22:29 Scout Tower
22:30 Scout Tower
22:30 Scout Tower
22:33 Guard Tower
22:34 Guard Tower
22:35 Scout Tower
22:37 Scout Tower
22:39 Guard Tower
22:39 Guard Tower
22:42 Scout Tower
22:43 Scout Tower
22:45 Scout Tower
23:17 Guard Tower
23:20 Scout Tower
23:20 Scout Tower
23:22 Scout Tower
23:26 Guard Tower
23:27 Scout Tower
23:29 Scout Tower
23:30 Guard Tower
23:31 Guard Tower
23:32 Scout Tower
23:33 Scout Tower
23:33 Scout Tower
23:37 Guard Tower
23:37 Guard Tower
23:40 Scout Tower
23:40 Scout Tower
23:41 Scout Tower
23:55 Scout Tower
23:56 Scout Tower
23:56 Scout Tower
23:57 Scout Tower
24:05 Guard Tower
24:05 Guard Tower
24:22 Guard Tower
24:23 Guard Tower
24:25 Guard Tower
24:25 Guard Tower
24:25 Guard Tower
24:26 Scout Tower
24:27 Scout Tower
24:31 Guard Tower
24:32 Guard Tower
24:55 Guard Tower
24:55 Guard Tower
24:56 Scout Tower
24:57 Scout Tower
24:58 Scout Tower
25:21 Guard Tower
25:21 Guard Tower
25:23 Scout Tower
25:24 Scout Tower
25:26 Guard Tower
25:26 Guard Tower
25:27 Guard Tower
25:30 Guard Tower
25:30 Guard Tower
25:31 Scout Tower
25:31 Scout Tower
25:32 Scout Tower
25:35 Guard Tower
25:35 Guard Tower
25:35 Guard Tower
25:36 Scout Tower
25:40 Scout Tower
25:40 Scout Tower
25:42 Scout Tower
25:49 Guard Tower
26:03 Guard Tower
26:03 Guard Tower
26:05 Scout Tower
26:06 Scout Tower
26:07 Scout Tower
26:18 Guard Tower
26:19 Scout Tower
26:21 Scout Tower
26:27 Arcane Sanctum
26:33 Guard Tower
26:33 Guard Tower
26:34 Scout Tower
26:35 Scout Tower
26:42 Town Hall
26:46 Guard Tower
26:59 Guard Tower
27:20 Guard Tower
27:27 Guard Tower
27:29 Scout Tower
27:30 Scout Tower
28:05 Guard Tower
28:06 Scout Tower
28:07 Scout Tower
28:12 Scout Tower
28:14 Scout Tower
28:15 Scout Tower
28:39 Guard Tower
28:39 Guard Tower
28:43 Guard Tower
28:43 Guard Tower
28:44 Guard Tower
28:44 Scout Tower
28:45 Scout Tower
28:59 Scout Tower
29:00 Guard Tower
29:01 Guard Tower
29:13 Guard Tower
29:39 Scout Tower
30:09 Guard Tower
30:10 Scout Tower
30:15 Guard Tower
30:16 Scout Tower
30:16 Scout Tower
30:49 Guard Tower
30:50 Scout Tower
31:15 Guard Tower
31:16 Scout Tower
31:16 Scout Tower
31:18 Scout Tower
31:29 Guard Tower
31:29 Guard Tower
32:08 Scout Tower
32:08 Scout Tower
32:09 Scout Tower
32:10 Guard Tower
32:11 Guard Tower
32:17 Scout Tower
32:18 Scout Tower
32:18 Scout Tower
32:43 Arcane Vault
33:00 Arcane Sanctum
33:04 Gryphon Aviary
33:13 Town Hall
34:04 Guard Tower
34:05 Guard Tower
34:06 Scout Tower
34:06 Scout Tower
34:07 Scout Tower
34:10 Guard Tower
34:10 Guard Tower
35:25 Scout Tower
35:25 Scout Tower
35:26 Scout Tower
35:53 Guard Tower
35:53 Guard Tower
35:54 Scout Tower
35:55 Scout Tower
36:04 Guard Tower
36:11 Guard Tower
36:26 Altar of Kings
36:31 Guard Tower
36:32 Scout Tower
36:33 Scout Tower
36:35 Guard Tower
36:36 Scout Tower
36:36 Scout Tower
36:37 Scout Tower
37:02 Guard Tower
37:02 Guard Tower
37:05 Scout Tower
37:06 Scout Tower
37:06 Scout Tower
37:07 Scout Tower
37:59 Guard Tower
37:59 Guard Tower
38:00 Guard Tower
38:02 Scout Tower
38:02 Scout Tower
38:05 Scout Tower
38:06 Scout Tower
38:06 Scout Tower
38:36 Guard Tower
38:36 Guard Tower
38:37 Guard Tower
38:39 Scout Tower
38:39 Scout Tower
38:40 Scout Tower
38:42 Guard Tower
38:42 Guard Tower
38:44 Guard Tower
38:45 Scout Tower
38:46 Scout Tower
38:47 Guard Tower
38:47 Guard Tower
38:49 Scout Tower
38:49 Scout Tower
38:49 Scout Tower
38:53 Scout Tower
38:53 Scout Tower
38:53 Scout Tower
39:12 Scout Tower
39:13 Scout Tower
39:14 Scout Tower
39:15 Scout Tower
39:16 Scout Tower
39:17 Guard Tower
39:17 Guard Tower
39:23 Guard Tower
39:24 Guard Tower
39:24 Scout Tower
39:25 Scout Tower
39:28 Scout Tower
39:29 Scout Tower
39:36 Scout Tower
39:37 Scout Tower
39:40 Guard Tower
39:41 Scout Tower
39:42 Scout Tower
40:06 Guard Tower
40:07 Guard Tower
40:08 Scout Tower
40:08 Scout Tower
40:08 Scout Tower
40:13 Guard Tower
40:30 Guard Tower
40:30 Guard Tower
40:31 Scout Tower
40:32 Scout Tower
40:32 Scout Tower
41:02 Guard Tower
41:05 Scout Tower
41:05 Scout Tower
41:05 Scout Tower
41:06 Scout Tower
41:07 Scout Tower
41:08 Scout Tower
41:09 Scout Tower
41:10 Guard Tower
41:14 Guard Tower
41:15 Scout Tower
41:16 Scout Tower
41:21 Scout Tower
41:22 Scout Tower
41:45 Guard Tower
41:48 Scout Tower
41:48 Scout Tower
41:52 Scout Tower
41:52 Scout Tower
41:53 Scout Tower
41:53 Scout Tower
41:55 Guard Tower
41:57 Scout Tower
41:57 Scout Tower
41:58 Scout Tower
41:59 Scout Tower
42:17 Arcane Vault
42:28 Lumber Mill
42:50 Scout Tower
42:50 Scout Tower
42:52 Scout Tower
42:53 Scout Tower
43:16 Scout Tower
43:17 Scout Tower
43:18 Scout Tower
43:29 Guard Tower
43:30 Guard Tower
43:30 Guard Tower
43:37 Guard Tower
43:38 Guard Tower
43:40 Scout Tower
43:41 Scout Tower
43:41 Scout Tower
43:42 Scout Tower
44:27 Scout Tower
44:27 Scout Tower
44:55 Scout Tower
44:56 Scout Tower
45:01 Scout Tower
45:01 Scout Tower
45:01 Scout Tower
45:05 Guard Tower
45:05 Guard Tower
45:05 Guard Tower
45:06 Guard Tower
45:07 Guard Tower
45:07 Guard Tower
45:08 Scout Tower
45:09 Scout Tower
45:10 Scout Tower
45:10 Scout Tower
45:11 Scout Tower
45:16 Guard Tower
45:16 Guard Tower
45:26 Guard Tower
45:27 Guard Tower
45:29 Scout Tower
45:30 Scout Tower
45:31 Scout Tower
45:32 Scout Tower
45:32 Scout Tower
45:49 Guard Tower
45:49 Guard Tower
45:52 Scout Tower
45:52 Scout Tower
46:03 Guard Tower
46:04 Guard Tower
46:05 Scout Tower
46:05 Scout Tower
46:06 Scout Tower
46:06 Scout Tower
46:09 Guard Tower
46:09 Guard Tower
46:21 Guard Tower
46:22 Guard Tower
46:22 Guard Tower
46:26 Scout Tower
46:26 Scout Tower
46:27 Scout Tower
46:27 Scout Tower
46:28 Scout Tower
46:29 Scout Tower
46:30 Scout Tower
46:30 Scout Tower
46:32 Guard Tower
46:32 Guard Tower
47:12 Guard Tower
47:13 Guard Tower
47:14 Scout Tower
47:14 Scout Tower
47:18 Guard Tower
47:23 Scout Tower
47:24 Scout Tower
47:24 Scout Tower
47:29 Guard Tower
47:31 Scout Tower
47:32 Scout Tower
47:33 Scout Tower
47:33 Scout Tower
47:44 Scout Tower
47:45 Scout Tower
47:47 Scout Tower
47:48 Scout Tower
47:53 Guard Tower
47:53 Guard Tower
48:14 Guard Tower
48:15 Guard Tower
48:45 Guard Tower
48:48 Scout Tower
48:49 Scout Tower
48:49 Scout Tower
48:53 Guard Tower
48:54 Guard Tower
48:55 Scout Tower
48:55 Scout Tower
48:56 Guard Tower
48:56 Guard Tower
49:31 Guard Tower
49:32 Guard Tower
49:40 Guard Tower
49:43 Scout Tower
49:44 Scout Tower
49:48 Guard Tower
49:52 Scout Tower
49:52 Scout Tower
50:01 Scout Tower
50:02 Scout Tower
50:03 Scout Tower
50:04 Scout Tower
50:19 Scout Tower
50:20 Guard Tower
50:20 Guard Tower
50:20 Guard Tower
50:43 Guard Tower
50:43 Guard Tower
50:45 Scout Tower
50:45 Scout Tower
50:50 Guard Tower
50:50 Guard Tower
50:56 Scout Tower
50:57 Scout Tower
50:57 Scout Tower
50:58 Scout Tower
51:00 Guard Tower
51:39 Guard Tower
51:39 Guard Tower
51:39 Guard Tower
51:49 Guard Tower
51:53 Scout Tower
51:53 Scout Tower
51:56 Scout Tower
51:59 Scout Tower
51:59 Scout Tower
52:00 Scout Tower
52:01 Guard Tower
52:01 Guard Tower
52:02 Scout Tower
52:03 Scout Tower
52:04 Scout Tower
52:05 Scout Tower
52:10 Scout Tower
52:11 Scout Tower
52:11 Scout Tower
52:13 Guard Tower
52:13 Guard Tower
52:16 Guard Tower
52:16 Guard Tower
52:21 Scout Tower
52:22 Scout Tower
52:24 Scout Tower
52:27 Scout Tower
52:28 Scout Tower
52:29 Scout Tower
52:37 Farm
52:38 Farm
52:40 Farm
52:40 Farm
52:54 Scout Tower
52:55 Scout Tower
52:56 Scout Tower
52:57 Scout Tower
52:59 Scout Tower
53:02 Scout Tower
53:06 Scout Tower
53:06 Scout Tower
53:08 Scout Tower
53:09 Scout Tower
53:13 Guard Tower
53:14 Guard Tower
53:27 Guard Tower
53:27 Guard Tower
53:28 Guard Tower
53:31 Guard Tower
53:34 Arcane Tower
53:36 Arcane Tower
53:38 Scout Tower
53:39 Scout Tower
53:53 Scout Tower
53:55 Scout Tower
54:02 Guard Tower
54:07 Arcane Tower
54:21 Guard Tower
54:22 Guard Tower
54:22 Guard Tower
54:26 Arcane Tower
54:28 Arcane Tower
55:11 Arcane Tower
55:11 Arcane Tower
56:01 Scout Tower
56:03 Scout Tower
56:28 Scout Tower
56:29 Scout Tower
58:15 Guard Tower
58:20 Scout Tower
58:25 Scout Tower
58:29 Scout Tower
58:30 Scout Tower
58:41 Guard Tower
58:42 Guard Tower
60:08 Guard Tower
60:08 Guard Tower
60:33 Scout Tower
60:34 Scout Tower
60:54 Farm
60:55 Farm
61:26 Scout Tower
61:29 Arcane Tower
62:23 Guard Tower
64:13 Keep
69:11 Scout Tower
69:11 Scout Tower
69:12 Scout Tower
69:13 Scout Tower
69:13 Scout Tower
69:14 Scout Tower
69:48 Guard Tower
70:09 Guard Tower
70:09 Guard Tower
138:40 Castle
138:54 Blacksmith
140:09 Workshop
140:12 Workshop
141:44 Farm
141:44 Farm
141:44 Farm
142:13 Farm
142:13 Farm
142:14 Farm
» items
| Healing Salve | 1 | |
| Lesser Clarity Potion | 1 | |
| Potion of Healing | 1 | |
| Scroll of Town Portal | 1 | |
| Tome of Retraining | 1 | |
| Staff of Teleportation | 1 | |
| Staff of Sanctuary | 1 | |
7 total
PleaseFindAGame (
yellow | 44 APM | 6480 actions | 145:55)
8 Demon Hunter
3 Mana Burn
3 Evasion
1 Metamorphosis
1 Immolation
» actions
| Assign group hotkey | 21 | |
| Basic commands | 57 | |
| Build / train | 143 | |
| ESC pressed | 16 | |
| Enter build submenu | 46 | |
| Enter hero's abilities submenu | 10 | |
| Give item / drop item | 9 | |
| Right click | 4177 | |
| Select / deselect | 757 | |
| Select group hotkey | 806 | |
| Use ability | 437 | |
6480 total
» units
| Wisp | 76 | |
| Goblin Zeppelin | 1 | |
| Druid of the Talon | 2 | |
| Chimaera | 18 | |
97 total
» upgrades
| Ultravision | 1 | |
| Strength of the Wild | 3 | |
| Reinforced Hides | 4 | |
| Well Spring | 1 | |
| Nature's Blessing | 1 | |
| Druid of the Talon Training | 2 | |
| Mark of the Talon | 1 | |
| Corrosive Breath | 1 | |
14 total
» buildings
| Altar of Elders | 3 | |
| Moon Well | 24 | |
| Tree of Ages | 4 | |
| Tree of Life | 9 | |
| Ancient of Wonders | 1 | |
| Tree of Eternity | 5 | |
| Hunter's Hall | 2 | |
| Ancient of Wind | 1 | |
| Chimaera Roost | 1 | |
50 total
» build order
00:06 Altar of Elders
00:12 Moon Well
01:08 Moon Well
05:17 Tree of Ages
09:45 Altar of Elders
09:48 Moon Well
09:49 Moon Well
11:35 Tree of Life
11:52 Ancient of Wonders
12:52 Tree of Eternity
12:52 Tree of Eternity
13:27 Hunter's Hall
13:54 Moon Well
17:29 Tree of Life
20:11 Tree of Life
20:35 Tree of Ages
22:01 Moon Well
22:01 Moon Well
22:29 Tree of Life
23:43 Tree of Life
23:56 Tree of Eternity
30:34 Tree of Life
33:24 Tree of Life
33:34 Tree of Life
36:24 Altar of Elders
36:27 Moon Well
37:07 Moon Well
43:02 Tree of Ages
44:21 Tree of Life
47:32 Moon Well
47:38 Tree of Ages
48:50 Moon Well
50:00 Tree of Eternity
50:00 Tree of Eternity
50:12 Moon Well
50:15 Moon Well
52:20 Moon Well
52:21 Moon Well
52:22 Moon Well
52:38 Hunter's Hall
54:30 Moon Well
56:38 Ancient of Wind
111:31 Chimaera Roost
125:23 Moon Well
125:25 Moon Well
125:29 Moon Well
125:32 Moon Well
125:32 Moon Well
125:36 Moon Well
125:37 Moon Well
» items
| Staff of Teleportation | 1 | |
| Boots of Speed | 1 | |
| Orb of Lightning | 1 | |
| Scroll of Town Portal | 1 | |
| Potion of Healing | 4 | |
| Healing Salve | 1 | |
| Lesser Clarity Potion | 1 | |
| Scroll of Regeneration | 1 | |
11 total
team 2 (loser)
clem_pute (
pink | 32 APM | 4620 actions | 145:54)
6 Shadow Hunter
1 Serpent Ward
3 Healing Wave
1 Hex
1 Big Bad Voodoo
4 Pandaren Brewmaster
2 Breath of Fire
2 Drunken Haze
» actions
| Assign group hotkey | 137 | |
| Build / train | 126 | |
| ESC pressed | 1 | |
| Enter build submenu | 35 | |
| Enter hero's abilities submenu | 11 | |
| Remove unit from queue | 15 | |
| Right click | 3000 | |
| Select / deselect | 586 | |
| Select group hotkey | 474 | |
| Use ability | 235 | |
4620 total
» units
| Peon | 24 | |
| Grunt | 4 | |
| Wind Rider | 20 | |
| Troll Batrider | 26 | |
| Tauren | 2 | |
| Goblin Zeppelin | 2 | |
78 total
» upgrades
| Pillage | 1 | |
| Armor | 2 | |
| Reinforced Defenses | 1 | |
| Spiked Barricades | 2 | |
| Liquid Fire | 1 | |
| Envenomed Spears | 1 | |
| Ranged Weapons | 1 | |
9 total
» buildings
| Altar of Storms | 1 | |
| Orc Burrow | 5 | |
| Barracks | 1 | |
| Voodoo Lounge | 4 | |
| Stronghold | 2 | |
| Beastiary | 2 | |
| War Mill | 2 | |
| Fortress | 2 | |
| Tauren Totem | 1 | |
| Great Hall | 3 | |
| Watch Tower | 55 | |
78 total
» build order
00:11 Altar of Storms
00:16 Orc Burrow
00:35 Barracks
02:00 Orc Burrow
03:33 Voodoo Lounge
03:45 Voodoo Lounge
03:48 Stronghold
05:16 Orc Burrow
07:33 Beastiary
07:36 Beastiary
08:41 Orc Burrow
14:26 War Mill
15:06 Orc Burrow
15:59 Fortress
16:00 Fortress
19:13 Tauren Totem
22:24 Great Hall
23:51 Watch Tower
23:55 Watch Tower
24:33 Watch Tower
25:57 Watch Tower
27:03 Watch Tower
27:05 Watch Tower
27:39 Watch Tower
27:41 Watch Tower
30:12 Great Hall
30:37 War Mill
31:42 Voodoo Lounge
32:01 Great Hall
34:18 Watch Tower
34:18 Watch Tower
34:19 Watch Tower
34:19 Watch Tower
34:21 Watch Tower
34:54 Voodoo Lounge
36:25 Watch Tower
48:27 Watch Tower
48:29 Watch Tower
48:33 Watch Tower
48:35 Watch Tower
71:27 Watch Tower
71:28 Watch Tower
71:30 Watch Tower
71:33 Watch Tower
71:35 Watch Tower
71:36 Watch Tower
71:37 Watch Tower
71:39 Watch Tower
71:40 Watch Tower
71:41 Watch Tower
71:43 Watch Tower
71:49 Watch Tower
71:51 Watch Tower
71:52 Watch Tower
72:07 Watch Tower
72:08 Watch Tower
72:09 Watch Tower
72:10 Watch Tower
72:11 Watch Tower
72:13 Watch Tower
72:14 Watch Tower
72:15 Watch Tower
72:17 Watch Tower
72:18 Watch Tower
72:19 Watch Tower
72:20 Watch Tower
72:22 Watch Tower
72:22 Watch Tower
72:24 Watch Tower
72:24 Watch Tower
72:27 Watch Tower
72:29 Watch Tower
72:31 Watch Tower
72:32 Watch Tower
72:32 Watch Tower
72:34 Watch Tower
72:35 Watch Tower
» items
| Scroll of Speed | 1 | |
| Healing Salve | 1 | |
| Lesser Clarity Potion | 1 | |
| Scroll of Town Portal | 1 | |
| Potion of Healing | 1 | |
5 total
jellab (
teal | 86 APM | 11613 actions | 134:21)
8 Shadow Hunter
3 Serpent Ward
3 Healing Wave
1 Hex
1 Big Bad Voodoo
1 Pandaren Brewmaster
1 Breath of Fire
» actions
| Assign group hotkey | 55 | |
| Basic commands | 45 | |
| Build / train | 105 | |
| Enter build submenu | 22 | |
| Enter hero's abilities submenu | 10 | |
| Give item / drop item | 3 | |
| Right click | 6214 | |
| Select / deselect | 1368 | |
| Select group hotkey | 3463 | |
| Use ability | 328 | |
11613 total
» units
| Peon | 17 | |
| Grunt | 10 | |
| Troll Headhunter/Berserker | 8 | |
| Demolisher | 12 | |
| Troll Witch Doctor | 1 | |
| Troll Batrider | 1 | |
| Wind Rider | 8 | |
| Goblin Zeppelin | 7 | |
64 total
» upgrades
| Pillage | 1 | |
| Troll Regeneration | 1 | |
| Berserker Upgrade | 1 | |
| Burning Oil | 1 | |
| Ranged Weapons | 3 | |
| Witch Doctor Training | 1 | |
| Envenomed Spears | 1 | |
| Reinforced Defenses | 1 | |
10 total
» buildings
| Altar of Storms | 2 | |
| Orc Burrow | 7 | |
| Barracks | 2 | |
| Stronghold | 1 | |
| War Mill | 1 | |
| Voodoo Lounge | 1 | |
| Fortress | 1 | |
| Spirit Lodge | 1 | |
| Watch Tower | 2 | |
| Beastiary | 2 | |
| Great Hall | 3 | |
23 total
» build order
00:04 Altar of Storms
00:16 Orc Burrow
00:36 Barracks
01:30 Orc Burrow
03:16 Stronghold
03:58 War Mill
04:04 Voodoo Lounge
04:45 Barracks
04:49 Orc Burrow
07:26 Orc Burrow
08:57 Fortress
09:31 Spirit Lodge
09:57 Watch Tower
13:09 Watch Tower
14:50 Beastiary
14:53 Beastiary
15:38 Orc Burrow
16:22 Orc Burrow
26:51 Orc Burrow
27:36 Great Hall
36:16 Great Hall
41:17 Great Hall
111:24 Altar of Storms
» items
| Lesser Clarity Potion | 5 | |
| Tome of Retraining | 1 | |
| Scroll of Town Portal | 1 | |
| Potion of Lesser Invulnerability | 1 | |
| Scroll of Speed | 2 | |
| Potion of Mana | 1 | |
| Healing Salve | 1 | |
12 total
mixxvac (
blue | 54 APM | 7850 actions | 145:48)
8 Shadow Hunter
1 Serpent Ward
3 Healing Wave
2 Hex
2 Big Bad Voodoo
7 Tauren Chieftain
3 Shockwave
3 Endurance Aura
1 Reincarnation
» actions
| Assign group hotkey | 197 | |
| Basic commands | 14 | |
| Build / train | 128 | |
| Enter build submenu | 35 | |
| Enter hero's abilities submenu | 15 | |
| Give item / drop item | 6 | |
| Remove unit from queue | 2 | |
| Right click | 5439 | |
| Select / deselect | 807 | |
| Select group hotkey | 830 | |
| Use ability | 377 | |
7850 total
» units
| Peon | 19 | |
| Grunt | 5 | |
| Raider | 15 | |
| Troll Witch Doctor | 13 | |
| Shaman | 7 | |
| Troll Batrider | 10 | |
| Goblin Zeppelin | 4 | |
73 total
» upgrades
| Pillage | 1 | |
| Witch Doctor Training | 2 | |
| Ensnare | 1 | |
| Shaman Training | 3 | |
| Envenomed Spears | 0 | |
| Reinforced Defenses | 1 | |
| Spiked Barricades | 1 | |
| Melee Weapons | 1 | |
| Liquid Fire | 1 | |
| Ranged Weapons | 2 | |
13 total
» buildings
| Altar of Storms | 1 | |
| Orc Burrow | 6 | |
| Barracks | 1 | |
| Stronghold | 1 | |
| Voodoo Lounge | 1 | |
| Beastiary | 5 | |
| Spirit Lodge | 2 | |
| Fortress | 1 | |
| War Mill | 1 | |
| Watch Tower | 50 | |
| Great Hall | 3 | |
72 total
» build order
00:16 Altar of Storms
00:19 Orc Burrow
00:36 Barracks
01:32 Orc Burrow
03:19 Stronghold
04:01 Orc Burrow
04:32 Voodoo Lounge
04:34 Orc Burrow
05:43 Beastiary
05:45 Spirit Lodge
05:49 Fortress
06:18 Beastiary
11:37 War Mill
12:24 Spirit Lodge
13:25 Orc Burrow
16:12 Orc Burrow
18:24 Watch Tower
18:24 Watch Tower
18:25 Watch Tower
18:26 Watch Tower
25:48 Great Hall
25:55 Watch Tower
25:56 Watch Tower
25:57 Watch Tower
25:59 Watch Tower
25:59 Watch Tower
26:00 Watch Tower
27:08 Watch Tower
29:19 Watch Tower
32:02 Great Hall
33:15 Great Hall
39:09 Beastiary
39:12 Beastiary
39:31 Beastiary
60:40 Watch Tower
60:41 Watch Tower
60:42 Watch Tower
60:43 Watch Tower
60:46 Watch Tower
60:48 Watch Tower
60:56 Watch Tower
62:50 Watch Tower
62:56 Watch Tower
72:27 Watch Tower
72:29 Watch Tower
72:30 Watch Tower
72:31 Watch Tower
72:34 Watch Tower
72:35 Watch Tower
72:36 Watch Tower
72:36 Watch Tower
72:37 Watch Tower
72:38 Watch Tower
72:39 Watch Tower
72:41 Watch Tower
72:44 Watch Tower
72:45 Watch Tower
72:46 Watch Tower
72:47 Watch Tower
72:50 Watch Tower
77:30 Watch Tower
77:31 Watch Tower
77:31 Watch Tower
77:33 Watch Tower
77:35 Watch Tower
77:37 Watch Tower
79:20 Watch Tower
79:21 Watch Tower
88:12 Watch Tower
88:13 Watch Tower
88:14 Watch Tower
89:54 Watch Tower
» items
| Healing Salve | 4 | |
| Scroll of Town Portal | 2 | |
| Potion of Lesser Invulnerability | 2 | |
| Dust of Appearance | 1 | |
| Lesser Clarity Potion | 2 | |
| Potion of Healing | 1 | |
| Tome of Retraining | 1 | |
| Scroll of Speed | 1 | |
14 total
Chat log
(01:03 / All) JesusIsMyWigman: welcome to sunny sunrock
(01:11 / All) jellab: tg fdp
(01:12 / All) clem_pute: welcome to fisthouse
(01:21 / All) mixxvac: welcome to my ass
(01:23 / All) jellab: ntm sale judden
(15:30 / All) clem_pute: sales putes
(28:44 / All) jellab: gg?
(30:04 / All) clem_pute: Sales merdes
(30:12 / All) mixxvac: sale gueu
(33:31 / All) clem_pute: sales noobs
(33:38 / All) clem_pute: how many g?
(36:27 / All) clem_pute: too noob
(36:31 / All) PleaseFindAGame: fuck u
(36:31 / All) clem_pute: 0 skill ^^
(36:35 / All) jellab: rofl
(36:42 / All) clem_pute: "fuck u", u re 3?
(36:48 / All) JesusIsMyWigman: shut up
(36:49 / All) JesusIsMyWigman: hacker
(36:52 / All) jellab: ofl
(36:53 / All) jellab: yy
(36:56 / All) clem_pute: ahahah speak
(36:58 / All) clem_pute: yy
(36:58 / All) jellab: we ward hack
(36:59 / All) clem_pute: naab
(37:13 / All) clem_pute: wht a pro tech ahah
(37:15 / All) PleaseFindAGame: fuck u idiot
(37:42 / All) clem_pute: who re the idiots between the winners and the loosers? :)
(37:54 / All) JesusIsMyWigman: the winners
(37:56 / All) JesusIsMyWigman: so gg, idiots
(38:25 / All) jellab: rofl
(51:08 / All) jellab: u rly kid
(53:32 / All) PleaseFindAGame: how much moneys do u have
(53:38 / All) PleaseFindAGame: so many GOLD MINE
(53:40 / All) PleaseFindAGame: unbeliefe..
(53:58 / All) JesusIsMyWigman: CYA
(57:42 / All) PleaseFindAGame: gg
(57:45 / All) JesusIsMyWigman: gg idiots
(58:57 / All) PleaseFindAGame: hey can u wait a sec
(59:05 / All) JesusIsMyWigman: UR SH
(59:11 / All) JesusIsMyWigman: He died
(59:12 / All) JesusIsMyWigman: Noob
(59:38 / All) jellab: im teamless
(61:46 / All) jellab: what is poitn doing that
(61:56 / All) PleaseFindAGame: have you guys ever played this game before
(61:56 / All) Mata.: i just want to win...
(62:15 / All) PleaseFindAGame: this is my first game i dont think its fair going up against seasoned pros like yourself...........
(62:19 / All) jellab: KABOOM
(62:20 / All) mixxvac: CONNNARD
(62:40 / All) mixxvac: idiot
(63:00 / All) JesusIsMyWigman: wo re the idiots between the winners and the losers? :)
(63:10 / All) clem_pute: have u win? NO
(63:12 / All) clem_pute: SO STFU
(63:14 / All) JesusIsMyWigman: yes we have
(63:16 / All) JesusIsMyWigman: game is over
(63:17 / All) JesusIsMyWigman: we won
(63:17 / All) JesusIsMyWigman: GG
(63:20 / All) JesusIsMyWigman: highper.ch
(64:44 / All) PleaseFindAGame: you guys got this 1
(65:28 / All) JesusIsMyWigman: where were u
(65:32 / All) JesusIsMyWigman: when u realized we won this game
(65:40 / All) PleaseFindAGame: has it still not happened yet
(65:41 / All) Mata.: i was on an island
(65:44 / All) Mata.: in the corner
(65:46 / All) Mata.: of the map
(66:15 / All) PleaseFindAGame: i think i realized when you guys let us take 6 expansions (incl my old base) on main land as you insisted on trying to break hu
(66:30 / All) clem_pute: man, plz go die
(66:36 / All) JesusIsMyWigman: we cant
(66:37 / All) JesusIsMyWigman: we won the game
(66:47 / All) jellab: not rly
(66:53 / All) JesusIsMyWigman: No really we won
(66:56 / All) jellab: in fact, we could let the game run
(67:01 / All) JesusIsMyWigman: no you couldn't
(67:10 / All) JesusIsMyWigman: it's over GG highper.ch
(67:11 / All) clem_pute: yes we can
(67:20 / All) mixxvac: i have a dream
(67:21 / All) PleaseFindAGame: no
(67:25 / All) JesusIsMyWigman: watch your bats friend
(67:25 / All) jellab: i can wait 10hour
(67:31 / All) PleaseFindAGame: battle.net autokick u for 15 minute afk
(67:39 / All) JesusIsMyWigman: WATCH YOUR BATS
(67:40 / All) jellab: rofl
(67:41 / All) PleaseFindAGame: u fuckin idiot
(67:43 / All) jellab: that false
(67:47 / All) PleaseFindAGame: NO
(67:48 / All) jellab: rofl
(67:49 / All) PleaseFindAGame: IT NOT
(68:02 / All) PleaseFindAGame: why dont u go ahead.....and try
(68:03 / All) JesusIsMyWigman: CHOP CHOP
(68:22 / All) Mata.: come to island vacation
(68:31 / All) JesusIsMyWigman: what kind of noob does ward rush...
(70:11 / All) jellab: you know foetus position?
(70:20 / All) Mata.: sí
(70:23 / All) JesusIsMyWigman: I was born knowing it
(70:24 / All) jellab: good
(70:29 / All) jellab: cu in 5hours
(70:33 / All) JesusIsMyWigman: no
(70:34 / All) JesusIsMyWigman: we wont
(70:39 / All) JesusIsMyWigman: you'll be gone
(70:43 / All) JesusIsMyWigman: game over idiot...
(75:06 / All) jellab: u rly son of wore
(76:18 / All) PleaseFindAGame: nice BATS Retardman
(77:16 / All) Mata.: sorry. was afk
(77:32 / All) Mata.: FROM?
(79:06 / All) jellab: thats rly dumb way to play
(79:17 / All) Mata.: xua... xua.. xuaxuaxua
(79:28 / All) PleaseFindAGame: ah the final stage of shitbit birdnoobs, the so called Last Stand
(79:29 / All) JesusIsMyWigman: Is it dumber than wardman? Because one of them lost
(81:57 / All) JesusIsMyWigman: bye idiot teal
(85:01 / All) PleaseFindAGame: how long do you think itll take 100 food chim to clear that
(85:13 / All) PleaseFindAGame: i think 2m15s is a good over/under
(86:47 / All) JesusIsMyWigman: watch ur bat
(101:50 / All) jellab: how old are you?
(102:29 / All) clem_pute: from?
(102:34 / All) PleaseFindAGame: from
(102:37 / All) PleaseFindAGame: take a guess
(102:44 / All) PleaseFindAGame: i give u a hint. BEST COUNTRY IN THE WORLD!!
(102:50 / All) jellab: usa?
(102:53 / All) PleaseFindAGame: #1
(103:03 / All) PleaseFindAGame: U S A. U S A. U S A. U S A.
(106:48 / All) JesusIsMyWigman: you lost a bat
(107:04 / All) clem_pute: u know, there isnt issue
(107:08 / All) JesusIsMyWigman: agreed
(107:12 / All) JesusIsMyWigman: the game is already over
(107:16 / All) jellab: yy
(107:19 / All) JesusIsMyWigman: One bat here or there makes no difference
(107:36 / Allies) JesusIsMyWigman: You got every goldmine on the mainland and you still couldn't win
(107:38 / All) clem_pute: were all in the same shit
(107:40 / All) JesusIsMyWigman: resources aren't the problem
(107:47 / All) PleaseFindAGame: except i have a Big American brain and u dont
(107:48 / All) JesusIsMyWigman: you being idiots is the problem
(107:51 / All) clem_pute: 30k g
(107:52 / All) jellab: rofl
(107:57 / All) JesusIsMyWigman: with 10000 bats you couldn't win
(107:58 / All) PleaseFindAGame: yes
(108:06 / All) PleaseFindAGame: 30kg, thats how much my gigantic AMERICAN BRAIN weighs
(108:07 / All) jellab: american and brain are paradoxical
(108:25 / All) jellab: which university?
(108:33 / All) clem_pute: likke ur age and ur cock size
(108:42 / All) clem_pute: PARADOXICAL
(108:46 / All) PleaseFindAGame: university of owning europeans. i graduate in 1942 when i shoot hitler for all baby bitch euro who too scared
(108:49 / All) JesusIsMyWigman: Imagine how dumb you'd have to be to get every base and still lose to an American
(109:05 / All) clem_pute: ahahah
(109:14 / All) clem_pute: stupid americansucker
(109:16 / All) PleaseFindAGame: how many hitlers have u killed u fucking idiot
(109:28 / All) PleaseFindAGame: you lose everything until america decides to own japan and germany AT THE SAME TIME!!
(109:37 / All) jellab: lal ok
(109:52 / All) PleaseFindAGame: my grandpa defeated the entire pacific ocean u cant even storm one island u suck
(112:06 / All) PleaseFindAGame: good job
(112:10 / All) PleaseFindAGame: i outsmart u with my huge brain
(112:36 / All) PleaseFindAGame: i can perform at least 1.5x the calculations in my head than u can
(112:50 / All) jellab: what subject do you study?
(112:56 / All) PleaseFindAGame: brains
(113:13 / All) PleaseFindAGame: i go to google and search "how do u make ure brain bigger"
(113:16 / All) clem_pute: and could u stfu more minutes than u plz?
(113:25 / All) PleaseFindAGame: u lift weights i lift brain weights and increase my knowledge
(113:56 / All) jellab: u just freaking dumb
(114:04 / All) PleaseFindAGame: how many brains do u have i bet u have a small one
(115:00 / All) clem_pute: my sexuals perform were and re still increase, and do u want to know my secret? ur moms guys
(116:56 / All) PleaseFindAGame: puny
(116:58 / All) PleaseFindAGame: pathetic
(117:00 / All) PleaseFindAGame: pitiful
(117:02 / All) PleaseFindAGame: pointless
(117:12 / All) PleaseFindAGame: i "p" on u
(118:24 / All) PleaseFindAGame: are you kidding
(118:26 / All) PleaseFindAGame: this is horrible
(118:28 / All) JesusIsMyWigman: idiots
(119:57 / All) JesusIsMyWigman: stupid donkheads
(122:24 / All) JesusIsMyWigman: IDIOT NOOOBS
(122:31 / All) PleaseFindAGame: bye retards
(122:41 / All) PleaseFindAGame: what happened to waiting
(132:34 / All) jellab: gg
(132:36 / All) clem_pute: gg
(132:45 / All) PleaseFindAGame: bye retards
(133:27 / All) JesusIsMyWigman: guess we know who the idiots are now... IT WAS U ALL ALONG
(133:43 / All) JesusIsMyWigman: enjoy the replay on http://www.highper.ch
(134:26 / All) PleaseFindAGame: bye bye bitches
(134:46 / All) PleaseFindAGame: enjoy ure loss
(145:47 / All) Mata.: thats how you kill toweers LOL